| TOP OF THE 1ST |
|
Syracuse Chiefs batting - Pitching for Colorado Springs Sky Sox : LHP Mario Castro
|
|
Pitching: LHP Mario Castro
|
|
|
Batting: RHB Ryota Tenno
|
0-0: Ball 1-0: DOUBLE (Flyball, 8RXD, EV 109.4 MPH)
|
|
Batting: SHB Alex Ethridge
|
0-0: Ball 1-0: Swinging Strike 1-1: Swinging Strike 1-2: Ball 2-2: Fly out, F8 (Flyball, 8RM, EV 81.3 MPH)
|
|
Batting: LHB Dillon Gonzalez
|
0-0: Called Strike Ryota Tenno steals 3rd base 0-1: Ball 1-1: Called Strike 1-2: Ground out U3 (Groundball, 3, EV 86.9 MPH)
|
|
Batting: RHB Donovan Auclair
|
0-0: Called Strike 0-1: Ball 1-1: Foul Ball, location: 2F 1-2: Ball 2-2: Strikes out swinging
|
| Top of the 1st over - 0 runs, 1 hit, 0 errors, 1 left on base; Syracuse 0 - Colorado Springs 0 |
| BOTTOM OF THE 1ST |
|
Colorado Springs Sky Sox batting - Pitching for Syracuse Chiefs : RHP Danny Newbegin
|
|
Pitching: RHP Danny Newbegin
|
|
|
Batting: RHB Kennet Strijbis
|
0-0: Foul Ball, location: 2F 0-1: Called Strike 0-2: Ball 1-2: Ball 2-2: Strikes out swinging
|
|
Batting: RHB Devine Adams
|
0-0: Called Strike 0-1: Ball 1-1: Ball 2-1: SINGLE (Groundball, 6D, EV 100.0 MPH)
|
|
Batting: RHB Jayden Patterson
|
0-0: Foul Ball, location: 2F 0-1: Ball 1-1: Fielders Choice at 2nd, 5-4 (Groundball, 56S, EV 93.1 MPH)
|
|
Batting: LHB Tony Ponce
|
0-0: Ball 1-0: TRIPLE (Flyball, 89XD, EV 95.6 MPH) Jayden Patterson scores
|
|
Batting: RHB George Lundy
|
0-0: Ball 1-0: Called Strike 1-1: Foul Ball, location: 2F 1-2: SINGLE (Groundball, 4S, EV 70.0 MPH) (infield hit) Tony Ponce scores
|
|
Batting: RHB Orlando Fernandez
|
0-0: Ball 1-0: Called Strike 1-1: DOUBLE (Line Drive, 78M, EV 96.3 MPH) George Lundy to third
|
|
Batting: RHB R.J. Anchondo
|
0-0: Foul Ball, location: 2F 0-1: Ball 1-1: Ground out U3 (Groundball, 34, EV 103.1 MPH)
|
| Bottom of the 1st over - 2 runs, 4 hits, 0 errors, 2 left on base; Syracuse 0 - Colorado Springs 2 |
| TOP OF THE 2ND |
|
Syracuse Chiefs batting - Pitching for Colorado Springs Sky Sox : LHP Mario Castro
|
|
Batting: RHB Ben Welt
|
0-0: Ball 1-0: Ball 2-0: Ball 3-0: Base on Balls
|
|
Batting: RHB Rene Montoya
|
0-0: Ball 1-0: Foul Ball, location: 2F 1-1: Called Strike 1-2: Ball 2-2: Ball 3-2: Fly out, F8 (Line Drive, 8LD, EV 96.3 MPH)
|
|
Batting: LHB Dana McDonald
|
0-0: Ball 1-0: Called Strike 1-1: Called Strike 1-2: Foul Ball, location: 2F 1-2: Strikes out swinging
|
|
Batting: LHB Erik Beezley
|
0-0: Ball 1-0: Foul Ball, location: 2F 1-1: Ball 2-1: Foul Ball, location: 2F 2-2: Ball 3-2: Ground out U3 (Groundball, 34S, EV 81.3 MPH)
|
| Top of the 2nd over - 0 runs, 0 hits, 0 errors, 1 left on base; Syracuse 0 - Colorado Springs 2 |
| BOTTOM OF THE 2ND |
|
Colorado Springs Sky Sox batting - Pitching for Syracuse Chiefs : RHP Danny Newbegin
|
|
Batting: RHB Colin Lord
|
0-0: Called Strike 0-1: Ball 1-1: Ground out 4-3 (Groundball, 4, EV 82.5 MPH)
|
|
Batting: RHB Enrique Vazquez
|
0-0: Ball 1-0: Called Strike 1-1: Swinging Strike 1-2: Ball 2-2: Ball 3-2: Base on Balls
|
|
Batting: RHB Kennet Strijbis
|
0-0: Called Strike 0-1: Ball 1-1: Grounds into double play, 6-4-3 (Groundball, 6, EV 100.0 MPH)
|
| Bottom of the 2nd over - 0 runs, 0 hits, 0 errors, 0 left on base; Syracuse 0 - Colorado Springs 2 |
| TOP OF THE 3RD |
|
Syracuse Chiefs batting - Pitching for Colorado Springs Sky Sox : LHP Mario Castro
|
|
Batting: RHB Josh Lykins
|
0-0: Called Strike 0-1: Called Strike 0-2: Ball 1-2: Foul Ball, location: 2F 1-2: Ball 2-2: Foul Ball, location: 2F 2-2: Foul Ball, location: 2F 2-2: SINGLE (Groundball, 4MD, EV 100.0 MPH)
|
|
Batting: RHB Ryota Tenno
|
0-0: Ball 1-0: Ball 2-0: Foul Ball, location: 2F 2-1: Foul Ball, location: 2F 2-2: Reaches on Catchers interference Josh Lykins to second
|
|
Batting: SHB Alex Ethridge
|
0-0: Fly out, F4 (Popup, 23, EV 86.9 MPH)
|
|
Batting: LHB Dillon Gonzalez
|
0-0: Fly out, F8 (Flyball, 8RD, EV 97.5 MPH) Runner from 2nd tags up, SAFE at 3rd with throw by CF
|
|
Batting: RHB Donovan Auclair
|
0-0: Ball Ryota Tenno is caught stealing 2nd base 2-4
|
| Top of the 3rd over - 0 runs, 1 hit, 1 error, 1 left on base; Syracuse 0 - Colorado Springs 2 |
| BOTTOM OF THE 3RD |
|
Colorado Springs Sky Sox batting - Pitching for Syracuse Chiefs : RHP Danny Newbegin
|
|
Batting: RHB Devine Adams
|
0-0: Called Strike 0-1: Ball 1-1: Foul Ball, location: 2F 1-2: SINGLE (Groundball, 56D, EV 105.6 MPH)
|
|
Batting: RHB Jayden Patterson
|
0-0: Fielders Choice at 2nd, 5-4 (Groundball, 5, EV 102.5 MPH)
|
|
Batting: LHB Tony Ponce
|
0-0: Grounds into double play, 4-6-3 (Groundball, 4, EV 99.4 MPH)
|
| Bottom of the 3rd over - 0 runs, 1 hit, 0 errors, 0 left on base; Syracuse 0 - Colorado Springs 2 |
| TOP OF THE 4TH |
|
Syracuse Chiefs batting - Pitching for Colorado Springs Sky Sox : LHP Mario Castro
|
|
Batting: RHB Donovan Auclair
|
0-0: Called Strike 0-1: Foul Ball, location: 2F 0-2: Ball 1-2: Ball 2-2: Foul Ball, location: 2F 2-2: Foul Ball, location: 2F 2-2: Ball 3-2: Fly out, F3 (Popup, 23F, EV 79.4 MPH)
|
|
Batting: RHB Ben Welt
|
0-0: Called Strike 0-1: Foul Ball, location: 2F 0-2: Foul Ball, location: 2F 0-2: Foul Ball, location: 2F 0-2: Fly out, F6 (Popup, 6, EV 70.0 MPH)
|
|
Batting: RHB Rene Montoya
|
0-0: Called Strike 0-1: SINGLE (Groundball, 23, EV 73.1 MPH) (infield hit)
|
|
Batting: LHB Dana McDonald
|
0-0: Ball Rene Montoya is caught stealing 2nd base 2-6
|
| Top of the 4th over - 0 runs, 1 hit, 0 errors, 0 left on base; Syracuse 0 - Colorado Springs 2 |
| BOTTOM OF THE 4TH |
|
Colorado Springs Sky Sox batting - Pitching for Syracuse Chiefs : RHP Danny Newbegin
|
|
Batting: RHB George Lundy
|
0-0: Ball 1-0: Called Strike 1-1: Ball 2-1: Foul Ball, location: 2F 2-2: Foul Ball, location: 2F 2-2: Fly out, F5 (Popup, 5, EV 68.8 MPH)
|
|
Batting: RHB Orlando Fernandez
|
0-0: Fly out, F9 (Line Drive, 9D, EV 102.5 MPH)
|
|
Batting: RHB R.J. Anchondo
|
0-0: Called Strike 0-1: Ball 1-1: Foul Ball, location: 2F 1-2: Ball 2-2: Ball 3-2: Ground out 4-3 (Groundball, 4, EV 93.8 MPH)
|
| Bottom of the 4th over - 0 runs, 0 hits, 0 errors, 0 left on base; Syracuse 0 - Colorado Springs 2 |
| TOP OF THE 5TH |
|
Syracuse Chiefs batting - Pitching for Colorado Springs Sky Sox : LHP Mario Castro
|
|
Batting: LHB Dana McDonald
|
0-0: Foul Ball, location: 2F 0-1: Called Strike 0-2: Strikes out swinging
|
|
Batting: LHB Erik Beezley
|
0-0: Called Strike 0-1: Ball 1-1: Called Strike 1-2: Strikes out swinging
|
|
Batting: RHB Josh Lykins
|
0-0: Ball 1-0: Ball 2-0: Foul Ball, location: 2F 2-1: Called Strike 2-2: Strikes out looking
|
| Top of the 5th over - 0 runs, 0 hits, 0 errors, 0 left on base; Syracuse 0 - Colorado Springs 2 |
| BOTTOM OF THE 5TH |
|
Colorado Springs Sky Sox batting - Pitching for Syracuse Chiefs : RHP Danny Newbegin
|
|
Batting: RHB Colin Lord
|
0-0: Ball 1-0: Ball 2-0: Ball 3-0: Base on Balls
|
|
Batting: RHB Enrique Vazquez
|
0-0: Swinging Strike 0-1: Ball 1-1: Ball 2-1: Called Strike 2-2: Grounds into double play, 5-4-3 (Groundball, 56, EV 83.8 MPH)
|
|
Batting: RHB Kennet Strijbis
|
0-0: SINGLE (Groundball, 34D, EV 103.1 MPH)
|
|
Batting: RHB Devine Adams
|
0-0: Ground out 5-3 (Groundball, 56S, EV 86.3 MPH)
|
| Bottom of the 5th over - 0 runs, 1 hit, 0 errors, 1 left on base; Syracuse 0 - Colorado Springs 2 |
| TOP OF THE 6TH |
|
Syracuse Chiefs batting - Pitching for Colorado Springs Sky Sox : LHP Mario Castro
|
|
Batting: RHB Ryota Tenno
|
0-0: Ground out U3 (Groundball, 34S, EV 67.5 MPH)
|
|
Batting: SHB Alex Ethridge
|
0-0: Ball 1-0: Fly out, F9 (Flyball, 89D, EV 103.8 MPH)
|
|
Batting: LHB Dillon Gonzalez
|
0-0: Ball 1-0: Swinging Strike 1-1: Foul Ball, location: 2F 1-2: Ball 2-2: Ball 3-2: Base on Balls
|
|
Pitching: RHP Edward Cadenhead
|
|
|
Batting: RHB Donovan Auclair
|
0-0: Called Strike 0-1: Foul Ball, location: 2F 0-2: Foul Ball, location: 2F 0-2: Strikes out swinging
|
| Top of the 6th over - 0 runs, 0 hits, 0 errors, 1 left on base; Syracuse 0 - Colorado Springs 2 |
| BOTTOM OF THE 6TH |
|
Colorado Springs Sky Sox batting - Pitching for Syracuse Chiefs : RHP Danny Newbegin
|
|
Batting: RHB Jayden Patterson
|
0-0: Called Strike 0-1: Ball 1-1: Ball 2-1: Swinging Strike 2-2: Strikes out swinging
|
|
Batting: LHB Tony Ponce
|
0-0: SINGLE (Groundball, 6S, EV 73.8 MPH) (infield hit)
|
|
Batting: RHB George Lundy
|
0-0: Ball 1-0: Ball Wild Pitch! Tony Ponce to second 2-0: Called Strike 2-1: Ball 3-1: Fly out, F9 (Flyball, 89D, EV 86.3 MPH) Runner from 2nd tags up, SAFE at 3rd, no throw by RF
|
|
Batting: RHB Orlando Fernandez
|
0-0: Foul Ball, location: 2F 0-1: Ball 1-1: Ball 2-1: Ball 3-1: Base on Balls
|
|
Batting: RHB R.J. Anchondo
|
0-0: SINGLE (Groundball, 56D, EV 105.6 MPH) Tony Ponce scores Orlando Fernandez to second
|
|
Batting: RHB Colin Lord
|
0-0: Called Strike 0-1: Swinging Strike 0-2: Foul Ball, location: 2F 0-2: Foul Ball, location: 2F 0-2: Ball 1-2: Ball 2-2: Foul Ball, location: 2F 2-2: Ball 3-2: Base on Balls Orlando Fernandez to third R.J. Anchondo to second
|
|
Batting: RHB Enrique Vazquez
|
0-0: Ground out 1-3 (Groundball, 13, EV 70.0 MPH)
|
| Bottom of the 6th over - 1 run, 2 hits, 0 errors, 3 left on base; Syracuse 0 - Colorado Springs 3 |
| TOP OF THE 7TH |
|
Syracuse Chiefs batting - Pitching for Colorado Springs Sky Sox : RHP Edward Cadenhead
|
|
Batting: RHB Ben Welt
|
0-0: Ball 1-0: Foul Ball, location: 2F 1-1: Ball 2-1: Swinging Strike 2-2: Fly out, F8 (Flyball, 8LM, EV 75.0 MPH)
|
|
Batting: RHB Rene Montoya
|
0-0: Swinging Strike 0-1: Called Strike 0-2: Foul Ball, location: 2F 0-2: Ball 1-2: Strikes out swinging
|
|
Batting: LHB Dana McDonald
|
0-0: Ball 1-0: Ball 2-0: Called Strike 2-1: Swinging Strike 2-2: Strikes out swinging
|
| Top of the 7th over - 0 runs, 0 hits, 0 errors, 0 left on base; Syracuse 0 - Colorado Springs 3 |
| BOTTOM OF THE 7TH |
|
Colorado Springs Sky Sox batting - Pitching for Syracuse Chiefs : RHP Danny Newbegin
|
|
Batting: RHB Kennet Strijbis
|
0-0: Foul Ball, location: 2F 0-1: Ball 1-1: Swinging Strike 1-2: Foul Ball, location: 2F 1-2: Ball 2-2: Foul Ball, location: 2F 2-2: Foul Ball, location: 2F 2-2: SINGLE (Groundball, 56S, EV 75.6 MPH) (infield hit)
|
|
Pitching: RHP Jesus Ruiz
|
|
|
Batting: RHB Devine Adams
|
0-0: Ball 1-0: Foul Ball, location: 2F 1-1: Ball 2-1: Ball 3-1: Foul Ball, location: 2F 3-2: DOUBLE (Line Drive, 9LM, EV 111.3 MPH) Kennet Strijbis to third Runner from 3rd tries for Home, SAFE, throw by RF to trailing runner, SAFE at third!
|
|
Batting: RHB Jayden Patterson
|
0-0: Foul Ball, location: 2F 0-1: Swinging Strike 0-2: Foul Ball, location: 2F 0-2: Ball 1-2: Strikes out swinging
|
|
Batting: LHB Tony Ponce
|
0-0: Ball Wild Pitch! Devine Adams scores 1-0: Ball 2-0: Fly out, F5 (Popup, 56S, EV 82.5 MPH)
|
|
Batting: RHB George Lundy
|
0-0: Called Strike 0-1: SINGLE (Line Drive, 8LS, EV 88.1 MPH)
|
|
Batting: RHB Orlando Fernandez
|
0-0: Ball 1-0: Ball 2-0: Called Strike 2-1: Called Strike 2-2: Strikes out swinging
|
| Bottom of the 7th over - 2 runs, 3 hits, 0 errors, 1 left on base; Syracuse 0 - Colorado Springs 5 |
| TOP OF THE 8TH |
|
Syracuse Chiefs batting - Pitching for Colorado Springs Sky Sox : RHP Edward Cadenhead
|
|
Batting: LHB Erik Beezley
|
0-0: Ball 1-0: Foul Ball, location: 2F 1-1: Foul Ball, location: 2F 1-2: Foul Ball, location: 2F 1-2: Strikes out swinging
|
|
Batting: RHB Josh Lykins
|
0-0: Ball 1-0: Ball 2-0: Called Strike 2-1: Ball 3-1: Base on Balls
|
|
Batting: RHB Ryota Tenno
|
0-0: Called Strike 0-1: Called Strike 0-2: Grounds into double play, 6-4-3 (Groundball, 6S, EV 94.4 MPH)
|
| Top of the 8th over - 0 runs, 0 hits, 0 errors, 0 left on base; Syracuse 0 - Colorado Springs 5 |
| BOTTOM OF THE 8TH |
|
Colorado Springs Sky Sox batting - Pitching for Syracuse Chiefs : RHP Jesus Ruiz
|
|
Batting: RHB R.J. Anchondo
|
0-0: Called Strike 0-1: Foul Ball, location: 2F 0-2: Foul Ball, location: 2F 0-2: Ball 1-2: Ball 2-2: Strikes out swinging
|
|
Batting: RHB Colin Lord
|
0-0: Ball 1-0: Called Strike 1-1: Ball 2-1: Swinging Strike 2-2: Strikes out swinging
|
|
Batting: RHB Enrique Vazquez
|
0-0: Swinging Strike 0-1: Ball 1-1: Foul Ball, location: 2F 1-2: Foul Ball, location: 2F 1-2: Foul Ball, location: 2F 1-2: Ball 2-2: SOLO HOME RUN (Flyball, 7D, EV 95.0 MPH), Distance : 374 ft
|
|
Batting: RHB Kennet Strijbis
|
0-0: Called Strike 0-1: Swinging Strike 0-2: Ball 1-2: Ball 2-2: Ball 3-2: Strikes out swinging
|
| Bottom of the 8th over - 1 run, 1 hit, 0 errors, 0 left on base; Syracuse 0 - Colorado Springs 6 |
| TOP OF THE 9TH |
|
Syracuse Chiefs batting - Pitching for Colorado Springs Sky Sox : RHP Edward Cadenhead
|
|
Batting: SHB Alex Ethridge
|
0-0: Ground out 4-3 (Groundball, 4S, EV 90.6 MPH)
|
|
Batting: LHB Dillon Gonzalez
|
0-0: Ball 1-0: Foul Ball, location: 2F 1-1: SINGLE (Groundball, 6MS, EV 73.1 MPH) (infield hit)
|
|
Batting: RHB Donovan Auclair
|
0-0: Ball 1-0: Ball 2-0: Ball 3-0: Called Strike 3-1: Grounds into double play, 6-4-3 (Groundball, 6, EV 105.0 MPH)
|
| Top of the 9th over - 0 runs, 1 hit, 0 errors, 0 left on base; Syracuse 0 - Colorado Springs 6 |
|